 Dungeon Sprint DCSS version 0.30-a0-953-g5f1da4a474 (webtiles) character file.

Game seed: 9979576370985365825

4 BigDaddyOpFi the Trooper (level 1, -1/27 (30) HPs)
             Began as a Hill Orc Fighter on Mar 28, 2023.
             Was a Follower of Beogh.
             Slain by a wight
             ... wielding a +0 long sword
              (12 damage)
             ... in the Dungeon (Sprint VII: "The Pits").
             The game lasted 00:00:36 (97 turns).

BigDaddyOpFi the Trooper (Hill Orc Fighter)           Turns: 97, Time: 00:00:36

HP:   -1/27 (30)    AC:  6    Str: 18    XL:     1   Next: 60%
MP:   2/2           EV:  9    Int:  8    God:    Beogh [*.....]
Gold: 0             SH:  4    Dex: 10    Spells: 0/0 levels left

rFire   . . .      SeeInvis .    a - +0 war axe
rCold   . . .      Faith    .    c - +0 buckler
rNeg    . . .      Spirit   .    b - +0 scale mail
rPois   .          Reflect  .    (no helmet)
rElec   .          Rampage  .    (no cloak)
rCorr   .          NoTele   +    (no gloves)
Will    .....                    (no boots) Stlth
                                 (no amulet)
HPRegen 0.24/turn                (no ring)
MPRegen 0.08/turn                (no ring)

@: berserking, heavily drained, very quick
A: no striking features
a: Renounce Religion


You were in the Dungeon.
You worshipped Beogh.
Beogh was aware of your devotion.
You visited 1 branch

Inventory:

Hand Weapons
 a - a +0 war axe (weapon)
Armour
 b - a +0 scale mail (worn)
 c - a +0 buckler (worn)
Scrolls
 j - a scroll of blinking
Potions
 d - a potion of might
 e - a potion of curing
 g - a potion of haste
 h - 4 potions of magic
 i - 2 potions of berserk rage
 k - 2 potions of invisibility


   Skills:
 + Level 4.0 Fighting
 + Level 3.2 Axes
 + Level 3.6 Armour
 + Level 3.6 Shields
 * Level 1.4 Invocations


You couldn't memorise any spells.
You didn't know any spells.
Your spell library was empty.

Dungeon Overview and Level Annotations

Branches:
Dungeon (1/1)

Altars:
Ashenzari
Cheibriados
Dithmenos
Elyvilon
Fedhas
Gozag
Hepliaklqana
Kikubaaqudgha
Makhleb
Nemelex Xobeh
Okawaru
Qazlal
Ru
Sif Muna
Trog
Uskayaw
Vehumet
Wu Jian
Xom
Yredelemnul
Zin
The Shining One
Beogh
Jiyva
Lugonu


Message History

You kill the ball python!
Beogh accepts your kill.
A frilled lizard comes into view.
There is an open door here.
You see here a ball python corpse.
The frilled lizard bites you but does no damage.
You slash the frilled lizard!
You kill the frilled lizard!
Beogh accepts your kill.
You see here a frilled lizard corpse.
You start resting.
Magic restored.
You open the door. 2 wights come into view.
A bat skeleton, 3 wights, an endoplasm and a rat come into view.
A wight is wielding a +3 flail of freezing.
The endoplasm quivers.
The bat skeleton closely misses you. The wight hits you with a +0 mace!
The wight hits you with a +0 long sword!
* * * LOW HITPOINT WARNING * * *
There is an open door here.
The bat skeleton hits you but does no damage.
You feel much better.
A red film seems to cover your vision as you go berserk!
You feel yourself moving faster!
You feel mighty!
You hit the wight.
The wight is lightly damaged.
You hit the wight.
The wight hits you with a +0 long sword.
You feel drained. You block the wight's attack.
You barely miss the wight.
The wight is lightly damaged.
You hit the wight. The wight closely misses you.
The wight hits you with a +0 long sword!
You feel drained.
You hit the wight.
The wight is heavily damaged.
You closely miss the wight. The wight barely misses you.
The wight hits you with a +0 long sword!
You die...

#.?(.')))'.##......#..#
##########.##..........
#...........'..........
#+#####'#####......#..#
#.....# #..........
#.....# ####'#####+
###†### #.......#
#.†...# #.......#
#...@z# #.......#
####z## #...<...#
#..ZJr.z.##.......#
#...zz.z.##.......#
###########.......#
#########


You could see 4 wights, an endoplasm, a rat and a bat skeleton.

Vanquished Creatures
  A quokka (D)
  A ball python (D)
  A frilled lizard (D)
  2 rats (D)
5 creatures vanquished.

Notes
Turn   | Place    | Note
-------+----------+-------------------------------------------
     0 | D        | BigDaddyOpFi the Hill Orc Fighter began the quest for the
                  | Orb.
     0 | D        | Reached XP level 1. HP: 19/19 MP: 1/1
    19 | D        | Found a bloodstained altar of Trog.
    19 | D        | Found a shimmering blue altar of Sif Muna.
    19 | D        | Found a viscous altar of Jiyva.
    19 | D        | Found a hazy altar of Hepliaklqana.
    19 | D        | Found an opulent altar of Gozag.
    20 | D        | Found a glowing golden altar of the Shining One.
    20 | D        | Found a glowing silver altar of Zin.
    20 | D        | Found a basalt altar of Yredelemnul.
    20 | D        | Found a shimmering altar of Xom.
    20 | D        | Found an ornate altar of the Wu Jian Council.
    20 | D        | Found a sacrificial altar of Ru.
    20 | D        | Found a stormy altar of Qazlal.
    20 | D        | Found an iron altar of Okawaru.
    20 | D        | Found a sparkling altar of Nemelex Xobeh.
    20 | D        | Found a burning altar of Makhleb.
    20 | D        | Found a blossoming altar of Fedhas.
    20 | D        | Found a white marble altar of Elyvilon.
    20 | D        | Found a shadowy altar of Dithmenos.
    20 | D        | Found a snail-covered altar of Cheibriados.
    21 | D        | Found a radiant altar of Vehumet.
    21 | D        | Found a corrupted altar of Lugonu.
    21 | D        | Found a roughly hewn altar of Beogh.
    22 | D        | Found a hide-covered altar of Uskayaw.
    22 | D        | Found an ancient bone altar of Kikubaaqudgha.
    22 | D        | Found a broken altar of Ashenzari.
    34 | D        | Became a worshipper of Beogh the Brigand
    69 | D        | Reached skill level 4 in Fighting
    69 | D        | Reached skill level 1 in Invocations
    73 | D        | Reached * piety under Beogh
    90 | D        | Noticed a wight
    90 | D        | Noticed a wight
    91 | D        | Noticed a wight
    91 | D        | Noticed a wight
    91 | D        | Noticed a wight
    97 | D        | Slain by a wight

Illustrated notes

Levels and vault maps discovered:
D:        pitsprint [storerooms_1, entrance_room_1, metal_vault_8, armoury_1,
          mini_pit_1, grid_room_1, main_hall_1, silver_pit, the_coven_1,
          the_vestibule_1, steel_vault_2, golden_pit, hallway_of_sentries,
          crystal_vault_2, iron_vault_4, final_vault]

Skill      XL: |  1 |
---------------+----+-----
Axes           | 3 |  3.2
Fighting       | 4 |  4.0
Invocations    | 1 |  1.4
Armour         | |  3.6
Shields        | |  3.6

Action                     || total
---------------------------++-------
  Melee: War axe           ||    12
    Use: Potion            ||     2
 Armour: Scale mail        ||     6
  Dodge: Dodged            ||    10
  Block: Buckler           ||     1

Table legend: (Time is in decaauts)
 A = Elapsed time spent in this place.
 B = Non-inter-level travel time spent in this place.
 C = Inter-level travel time spent in this place.
 D = Time resting spent in this place.
 E = Time spent auto-exploring this place.
 F = Levels seen in this place.
 G = Mean time per level.
                   A        B        C        D        E       F      G
               +--------+--------+--------+--------+--------+-----+--------+
         Total |    100 |    100 |      0 |      9 |      0 |   1 |  100.0 |
       Dungeon |    100 |    100 |      0 |      9 |      0 |   1 |  100.0 |
               +--------+--------+--------+--------+--------+-----+--------+

Top non-repeatable levels by time:
       D: 100 daAuts
